 Dungeon Crawl Stone Soup version 0.28-a0-1312-g71652a0310 (webtiles) character file.

Game seed: 309238799484852758

5 bande the Covered (level 1, -2/14 HPs)
             Began as a Gargoyle Fighter on Dec 28, 2021.
             Slain by a hobgoblin (7 damage)
             ... on level 1 of the Dungeon.
             The game lasted 00:00:17 (189 turns).

bande the Covered (Gargoyle Fighter)                 Turns: 189, Time: 00:00:18

Health: -2/14      AC:  9    Str: 19    XL:     1   Next: 80%
Magic:  1/1        EV:  9    Int:  8    God:
Gold:   17         SH:  4    Dex:  9    Spells: 0/0 levels left

rFire   . . .      SeeInvis .   a - +0 war axe
rCold   . . .      Faith    .   c - +0 buckler
rNeg    + . .      Spirit   .   b - +0 scale mail
rPois   ∞          Reflect  .   (no helmet)
rElec   +          Harm     .   (no cloak)
rCorr   .          Rampage  .   (no gloves)
Will    .....                   (no boots)
Stlth   ..........              (no amulet)
HPRegen 0.04/turn               (no ring)
MPRegen 0.07/turn               (no ring)

@: no status effects
A: sickness immunity, AC +2, negative energy resistance 1, electricity
resistance, torment resistance 1, petrification resistance
a: no special abilities


You were on level 1 of the Dungeon.
You visited 1 branch of the dungeon, and saw 1 of its levels.

You collected 17 gold pieces.

Inventory:

Hand Weapons
 a - a +0 war axe (weapon)
Armour
 b - a +0 scale mail (worn)
 c - a +0 buckler (worn)
Jewellery
 f - a ring of ice
Scrolls
 e - a scroll of acquirement {unknown}
Potions
 d - a potion of might


   Skills:
 + Level 3.4 Fighting
 + Level 1.8 Axes
 + Level 3.4 Armour
 + Level 3.4 Shields


You couldn't memorise any spells.
You didn't know any spells.
Your spell library was empty.

Dungeon Overview and Level Annotations

Branches:
Dungeon (1/15)

Altars:


Innate Abilities, Weirdness & Mutations

You are immune to sickness and miasma.
Your stone body is resilient. (AC +2)
You are immune to poison.
You resist negative energy. (rN+)
You are resistant to electric shocks. (rElec)
You are resistant to unholy torment.
You are immune to petrification.


Message History

The kobold shouts!
A frilled lizard comes into view.
There are monsters nearby!
Found 16 stones.
A dart slug comes into view.
You completely miss the frilled lizard. The frilled lizard bites you.
The kobold hits you but does no damage.
You closely miss the kobold. You miss the frilled lizard.
The frilled lizard bites you but does no damage.
The kobold hits you with a +0 dagger. The frilled lizard bites you.
You hit the kobold.
You kill the kobold!
You hit the frilled lizard.
You kill the frilled lizard!
A hobgoblin comes into view. It is wielding a +0 whip.
The dart slug launches a dart at you. The slug dart misses you.
Found 22 stones.
The dart slug briefly extends its eye-stalks.
The dart slug barely misses you.
You hit the dart slug but do no damage. The dart slug barely misses you.
You barely miss the hobgoblin.
Your shield prevents you from hitting the dart slug.
The hobgoblin hits you with a +0 whip. The dart slug barely misses you.
You are too injured to fight recklessly!
You are too injured to fight recklessly!
You are too injured to fight recklessly!
You are too injured to fight recklessly!
You are too injured to fight recklessly!
You are too injured to fight recklessly!
You are too injured to fight recklessly!
You are too injured to fight recklessly!
You are too injured to fight recklessly!
Unknown command.
You hit the hobgoblin.
The hobgoblin is almost dead.
Your scale mail prevents you from hitting the dart slug.
The hobgoblin hits you with a +0 whip!
Ouch! That really hurt!
You die...

###.?.......#
#...........# #
#.........# ##.
#.........#
.#..##).)......#
..........#.####
....(.....#.#
..........#)#
......g@..#.##
......w...#..#
......#.####.###
......#(# #...##
(....#..# ###..#
..... .## ##.#
..... . ####.##
.... ..
##.....##
##.......##


You could see a dart slug and a hobgoblin.

Vanquished Creatures
  A goblin (D:1)
  A hobgoblin (D:1)
  2 frilled lizards (D:1)
  2 kobolds (D:1)
6 creatures vanquished.

Notes
Turn   | Place    | Note
-------+----------+-------------------------------------------
     0 | D:1      | bande the Gargoyle Fighter began the quest for the Orb.
     0 | D:1      | Reached XP level 1. HP: 14/14 MP: 1/1
   189 | D:1      | Slain by a hobgoblin

Illustrated notes

Levels and vault maps discovered:
D:1:      amcnicky_arrival_flooded_fountain, layout_rooms, serial_shops,
          shop_statue

Action                   || total
-------------------------++-------
Melee: War axe           ||    18
Armor: Scale mail        ||    11
Dodge: Dodged            ||     8
Block: Buckler           ||     3

Table legend: (Time is in decaauts)
 A = Elapsed time spent in this place.
 B = Non-inter-level travel time spent in this place.
 C = Inter-level travel time spent in this place.
 D = Time resting spent in this place.
 E = Time spent auto-exploring this place.
 F = Levels seen in this place.
 G = Mean time per level.
                   A        B        C        D        E       F      G
               +--------+--------+--------+--------+--------+-----+--------+
         Total |    196 |    196 |      0 |      0 |    146 |   1 |  196.0 |
       Dungeon |    196 |    196 |      0 |      0 |    146 |   1 |  196.0 |
               +--------+--------+--------+--------+--------+-----+--------+

Top non-repeatable levels by time:
     D:1: 196 daAuts
